 Dungeon Crawl Stone Soup version 0.27-a0-287-gd4424db430 (webtiles) character file.

Game seed: 7293294136928065153

58 tilp the Cudgeller (level 4, -1/39 HPs)
             Began as a Naga Warper on Feb 8, 2021.
             Slain by an ooze (2 damage)
             ... on level 2 of the Dungeon.
             The game lasted 00:04:39 (2165 turns).

tilp the Cudgeller (Naga Warper)                    Turns: 2165, Time: 00:04:40

Health: -1/39      AC:  2    Str: 14    XL:     4   Next: 2%
Magic:  7/7        EV:  9    Int: 14    God:
Gold:   121        SH:  0    Dex: 10    Spells: 7/7 levels left

rFire    . . .     SeeInvis +   a - +0 whip
rCold    . . .     Faith    .   (no shield)
rNeg     . . .     Spirit   .   h - +0 leather armour
rPois    +         Reflect  .   (no helmet)
rElec    .         Harm     .   (no cloak)
rCorr    .         Rampage  .   (no gloves)
Will     .....                  (no barding)
Stlth    +.........             (no amulet)
HPRegen  0.13/turn              (no ring)
MPRegen  0.10/turn              (no ring)

@: lethally poisoned (-1 -> -4), very slow
A: large, see invisible, deformed body, poison resistance, slowness 2, spit
poison 1, AC +1
a: Spit Poison


You were on level 2 of the Dungeon.
You visited 1 branch of the dungeon, and saw 2 of its levels.

You collected 121 gold pieces.

Inventory:

Hand Weapons
 a - a +0 whip (weapon)
 b - a +0 mace
Missiles
 e - 5 boomerangs of dispersal
 f - 5 poisoned darts (quivered)
Armour
 h - a +0 leather armour (worn)
Scrolls
 c - 3 scrolls of identify
 d - 4 scrolls of blinking
 i - a scroll of remove curse {unknown}
 j - a scroll of teleportation {unknown}
 k - a scroll of magic mapping {unknown}
Potions
 g - a potion of lignification
 l - a potion of curing
 m - a potion of ambrosia


   Skills:
 + Level 2.0 Fighting
 - Level 4.0 Maces & Flails
 - Level 0.8 Throwing
 - Level 0.7 Armour
 + Level 1.6 Dodging
 * Level 1.1 Stealth
 - Level 2.0 Spellcasting
 - Level 3.0 Translocations


You had 7 spell levels left.
You didn't know any spells.
Your spell library contained the following spells:

 Spells                   Type           Power        Failure   Level
 Blink                    Tloc           N/A          13%         2
 Gell's Gravitas          Tloc           4%           26%         3
 Lesser Beckoning         Tloc           4%           26%         3
 Teleport Other           Tloc           9%           26%         3
 Passage of Golubria      Tloc           N/A          65%         4


Dungeon Overview and Level Annotations

Branches:
Dungeon (2/15)

Altars:
Wu Jian


Innate Abilities, Weirdness & Mutations

You cannot wear boots.
Your serpentine skin is tough. (AC +1)
You have supernaturally acute eyesight. (SInv)
Armour fits poorly on your strangely shaped body.
Your system is resistant to poisons. (rPois)
You cover ground very slowly.
You can spit poison.


Message History

The adder is almost dead.
You feel sick. The adder bites you.
* * * LOW HITPOINT WARNING * * *
The quokka bites you but does no damage.
The frilled lizard bites you.
* * * LOW HITPOINT WARNING * * *
The ooze hits you.
* * * LOW HITPOINT WARNING * * *
The adder bites you.
* * * LOW HITPOINT WARNING * * *
You closely miss the adder.
The adder is almost dead.
You have got your breath back.
The quokka bites you.
* * * LOW HITPOINT WARNING * * *
The frilled lizard bites you but does no damage.
The adder bites you.
* * * LOW HITPOINT WARNING * * *
The ooze hits you.
You die...

###### +##########
###......
.........[#####........
................(......
..........#####.#......
..........# #.# .....
......r@..# #.# ..###
......SlJ.# #.# #...
.!........# #.# #. .#
..........# #.# #. .
..........# #.# #.####
..........# #.#.#.....
.....###### #.#.##....
..... #.#.##....
#.#(##....


You could see an ooze, an adder, a quokka and a frilled lizard.

Vanquished Creatures
  2 adders (D:2)
  An ooze (D:1)
  2 dart slugs
  2 leopard geckos (D:1)
  4 giant cockroaches
  3 hobgoblins
  6 bats
  2 frilled lizards (D:1)
  6 kobolds (D:1)
  2 rats (D:1)
30 creatures vanquished.

Notes
Turn   | Place    | Note
-------+----------+-------------------------------------------
     0 | D:1      | tilp the Naga Warper began the quest for the Orb.
     0 | D:1      | Reached XP level 1. HP: 19/19 MP: 3/3
   253 | D:1      | Reached XP level 2. HP: 26/26 MP: 5/5
   359 | D:1      | Reached skill level 3 in Maces & Flails
   672 | D:1      | Reached XP level 3. HP: 20/32 MP: 6/6
  1769 | D:2      | Found an ornate altar of the Wu Jian Council.
  1861 | D:2      | Noticed a spectral centipede
  1861 | D:2      | Noticed a spectral black mamba
  1861 | D:2      | Noticed a spectral cane toad
  1931 | D:2      | Reached skill level 4 in Maces & Flails
  2094 | D:2      | Reached skill level 1 in Stealth
  2094 | D:2      | Reached XP level 4. HP: 32/39 MP: 7/7
  2165 | D:2      | HP: 1/39 [adder (3)]
  2165 | D:2      | Slain by an ooze

Illustrated notes

Levels and vault maps discovered:
D:1:      minmay_arrival_five_plusses, layout_basic, serial_forest,
          infiniplex_forest_clump_cross, infiniplex_forest_lined_ring,
          infiniplex_forest_straight_3, infiniplex_forest_lined_ring,
          infiniplex_forest_lined_1, infiniplex_forest_lined_corner,
          infiniplex_forest_zigzag_2
D:2:      layout_basic, gammafunk_temple_overflow_wave,
          pdpol_wu_jian_five_deadly_venoms, uniq_robin

Skill      XL: |  1  2  3 |
---------------+----------+-----
Maces & Flails | 3 4 |  4.0
Stealth        | 1 |  1.1
Fighting       | |  2.0
Throwing       | |  0.8
Armour         | |  0.7
Dodging        | |  1.6
Spellcasting   | |  2.0
Translocations | |  3.0

Action                   |  1- 3 |  4- 6 || total
-------------------------+-------+-------++-------
Melee: Mace              |    16 |       ||    16
       Whip              |   111 |     9 ||   120
Throw: Dart              |     3 |       ||     3
 Abil: Spit Poison       |     9 |     1 ||    10
  Use: Scroll            |     3 |       ||     3
Armor: Leather armour    |    46 |     5 ||    51
Dodge: Dodged            |    62 |     9 ||    71

Table legend: (Time is in decaauts)
 A = Elapsed time spent in this place.
 B = Non-inter-level travel time spent in this place.
 C = Inter-level travel time spent in this place.
 D = Time resting spent in this place.
 E = Time spent auto-exploring this place.
 F = Levels seen in this place.
 G = Mean time per level.
                   A        B        C        D        E       F      G
               +--------+--------+--------+--------+--------+-----+--------+
         Total |   2520 |   2402 |    118 |    601 |   1497 |   2 | 1260.0 |
       Dungeon |   2520 |   2402 |    118 |    601 |   1497 |   2 | 1260.0 |
               +--------+--------+--------+--------+--------+-----+--------+

Top non-repeatable levels by time:
     D:1: 1528 daAuts
     D:2: 992 daAuts
